Map: Überwucherte Anlage

Players

RiseAgainst - Winner!

  • Race: Terran Terran
  • League: Diamond
  • Spawn Location: 9:00

Panda - Winner!

  • Race: Zerg Zerg
  • Spawn Location: 7:00

Natterknoll

  • Race: Terran Terran
  • League: Diamond
  • Spawn Location: 3:00

OliverK

  • Race: Zerg Zerg
  • League: Diamond
  • Spawn Location: 1:00

VOD

Have the link to the VOD?

Description

Time

  • Played on: Aug. 27, 2017, 7:57 a.m.
  • Length: 4:01
Show
View Real Time Build Order
Export as new Build Order

RiseAgainst Terran - Winner!

Build Orders:  

Get SALT Encoding   

  12  0:00  SCV  
  13  0:13  SCV  
  14  0:18  Supply Depot  
  14  0:25  SCV  
  15  0:40  SCV  
  16  0:45  Barracks  
  16  0:50  Refinery  
  16  1:04  Barracks  
  16  1:18  Barracks  
  16  1:22  SCV  
  17  1:33  Reaper  
  18  1:43  Orbital Command  
  18  1:51  Reaper  
  19  2:01  Supply Depot  
  19  2:08  Marine  
  20  2:10  Reaper  
  20  2:14  SCV  
  22  2:26  SCV  
  22  2:29  Reaper  
  24  2:38  SCV  
  24  2:41  Marine  
  26  3:02  Reaper  
  26  3:15  Reaper  
  26  3:19  SCV  
  28  3:33  Command Center  
  28  3:40  SCV  
  29  3:44  Factory, Refinery  
  29  3:47  Barracks  
  29  3:48  Barracks  
Show
View Real Time Build Order
Export as new Build Order

Panda Zerg - Winner!

Build Orders: Pool First 

Get SALT Encoding   

  12  0:02  Drone  
  13  0:25  Spawning Pool  
  13  0:26  Drone  
  13  0:35  Overlord  
  13  0:40  Drone  
  14  0:57  Drone  
  15  1:12  Zergling x6  
  15  1:15  Queen  
  20  1:25  Zergling x2  
  21  1:37  Zergling x2  
  22  1:46  Overlord  
  22  2:08  Hatchery, Zergling x4  
  22  2:32  Zergling x4  
  24  2:38  Zergling x4  
  24  2:54  Zergling x4  
  24  3:14  Zergling x2  
  25  3:36  Zergling x6  
  25  3:37  Zergling x6  
Show
View Real Time Build Order
Export as new Build Order

Natterknoll Terran 

Build Orders: Reaper Expand 

Get SALT Encoding   

  12  0:01  SCV  
  13  0:13  SCV  
  14  0:18  Supply Depot  
  14  0:25  SCV  
  15  0:29  Refinery  
  15  0:40  SCV  
  16  0:46  Barracks  
  16  0:52  SCV  
  17  1:04  SCV  
  18  1:16  SCV  
  19  1:33  Orbital Command  
  19  1:34  Reaper  
  20  1:47  Command Center  
  20  2:00  SCV  
  21  2:03  Factory  
  21  2:13  SCV  
  22  2:20  Barracks Reactor  
  22  2:21  Barracks  
  22  2:25  SCV  
  22  2:37  SCV  
  23  2:53  Supply Depot  
  23  2:58  Marine x2, SCV  
  23  2:59  Hellion  
Show
View Real Time Build Order
Export as new Build Order

OliverK Zerg 

Build Orders: Hatch First 

Get SALT Encoding   

  12  0:01  Drone  
  13  0:13  Overlord  
  13  0:24  Drone  
  14  0:36  Drone  
  14  0:37  Drone x2  
  17  0:56  Hatchery  
  16  0:58  Drone  
  17  1:04  Extractor, Drone  
  17  1:21  Spawning Pool  
  17  1:23  Drone  
  17  1:28  Drone  
  17  1:32  Drone  
  19  1:42  Overlord  
  19  2:07  Metabolic Boost  
  19  2:09  Queen  
  19  2:10  Queen  
  19  2:24  Zergling x2  
  20  2:33  Zergling x2  
Tags
 
Add a new tag
Caveats
  • Supply blocks, unpowered buildings, or Contaminate may cause inaccurate times.
  • Supply counts are checked every 10 seconds.